 Dungeon Sprint DCSS version bcrawl-1.23.1-30-gcf7fa35852 (webtiles) character file.

Game seed: 783494197652508104

52938 funkygono the Gargoyle Barricade (level 14, -3/100 HPs)
             Began as a Gargoyle Fighter on May 29, 2020.
             Was the Champion of the Shining One.
             Slain by a +1 trident of freezing (9 damage)
             ... in the Dungeon (Sprint V: "Ziggurat Sprint").
             The game lasted 00:21:44 (2185 turns).

funkygono the Gargoyle Barricade (Gargoyle Fighter) Turns: 2185, Time: 00:21:45

Health: -3/100     AC: 44    Str: 30    XL:     14   Next: 66%
Magic:  21/21      EV:  3    Int: 18    God:    the Shining One [******]
Gold:   0          SH: 36    Dex:  4    Spells: 13/16 levels left

rFire    . . .     SeeInvis +   K - +6 shillelagh "Devastator" {shatter}
rCold    . . .     Gourm    .   H - +18 shield of the Gong {rElec rN+ MR+ EV-5}
rNeg     + + +     Faith    +   G - +15 Maxwell's patent armour {-Cast -Tele rElec MR+ rCorr}
rPois    ∞         Spirit   .   (no helmet)
rElec    +         Reflect  .   B - +1 cloak {+Inv}
rCorr    +         Harm     .   (no gloves)
MR       +++..     Rnd*Rage +   S - +1 pair of boots {Fly} Stlth ..........NoTele +
                                b - amulet of Ehytupn {Faith *Contam rF+ Slay+3}
HPRegen  0.26/turn NoCast   +   o - ring "Midumu" {*Contam rPois Int+7 SInv Stlth-}
MPRegen  0.17/turn              a - ring "Nadduub" {rElec rF- rN+++ Str+7 Dex-3}

@: corroded, flying, glowing
A: big wings, berserk 1, clumsy 1, negative energy resistance 1, electricity
resistance, unbreathing, petrification resistance, rot immunity, AC +10
a: Stop Flying, Divine Shield, Cleansing Flame, Summon Divine Warrior, Brand
Weapon With Holy Wrath, Renounce Religion, Evoke Invisibility


You were in the Dungeon.
You worshipped the Shining One.
The Shining One was exalted by your worship.
You were full.

You visited 1 branch

Inventory:

Hand Weapons
 K - the +6 shillelagh "Devastator" (weapon) {shatter}
   (You found it in the Dungeon)
Missiles
 J - 2 throwing nets (quivered) {!f}
Armour
 B - a +1 cloak of invisibility (worn)
 G - the +15 Maxwell's patent armour (worn) {-Cast -Tele rElec MR+ rCorr}
   (You found it in the Dungeon)

   It insulates you from electricity.
   It affects your resistance to hostile enchantments.
   It prevents spellcasting.
   It prevents most forms of teleportation.
   It provides partial protection from all sources of acid and corrosion.
 H - the +18 shield of the Gong (worn) {rElec rN+ MR+ EV-5}
   (You found it in the Dungeon)

   It affects your evasion (-5).
   It insulates you from electricity.
   It protects you from negative energy.
   It affects your resistance to hostile enchantments.
 R - the +2 cloak of the Thief {+Fog +Inv Slay-2 SInv Stlth+}
   (You found it in the Dungeon)

   It affects your accuracy and damage with ranged weapons and melee attacks
   (-2).
   It lets you see invisible.
   It lets you turn invisible.
   It makes you more stealthy.
 S - a +1 pair of boots of flying (worn)
Jewellery
 a - the ring "Nadduub" (right hand) {rElec rF- rN+++ Str+7 Dex-3}
   (You found it in the Dungeon)

   [ring of insulation]

   It affects your strength (+7).
   It affects your dexterity (-3).
   It makes you vulnerable to fire.
   It insulates you from electricity.
   It renders you almost immune to negative energy.
 b - the amulet of Ehytupn (around neck) {Faith *Contam rF+ Slay+3}
   (You found it in the Dungeon)

   [amulet of faith]

   It allows you to gain divine favour quickly.
   It affects your accuracy and damage with ranged weapons and melee attacks
   (+3).
   It protects you from fire.
   It causes magical contamination when unequipped.
 c - an uncursed ring of ice
 o - the ring "Midumu" (left hand) {*Contam rPois Int+7 SInv Stlth-}
   (You found it in the Dungeon)

   [ring of attention]

   It affects your intelligence (+7).
   It protects you from poison.
   It lets you see invisible.
   It causes magical contamination when unequipped.
   It makes you less stealthy.
 w - the ring "Luamez" {Dex+2 Stlth+}
   (You took it off a vampire in the Dungeon)

   [ring of stealth]

   It affects your dexterity (+2).
   It makes you more stealthy.
 y - the amulet of Twilight {Reflect rC++ Str+3 SH+2}
   (You took it off a purple draconian in the Dungeon)

   [amulet of reflection]

   It shields you and reflects attacks.
   It affects your strength (+3).
   It greatly protects you from cold.
   It affects your SH (+2).
 z - an uncursed ring of ice
 A - an uncursed ring of ice
 F - the ring of Xavo {*Slow +Blink rC- Int+6 Dex+3}
   (You took it off an iron imp in the Dungeon)

   [ring of dexterity]

   It affects your intelligence (+6).
   It affects your dexterity (+3).
   It makes you vulnerable to cold.
   It lets you blink.
   It may slow you when you take damage.
Wands
 C - a wand of disintegration (7)
 D - a wand of iceblast (7)
 E - a wand of acid (4)
Scrolls
 k - 4 scrolls of blinking
 q - 4 scrolls of amnesia
 r - 7 scrolls of fog
 s - 5 scrolls of identify
 t - 5 scrolls of remove curse
 u - 2 scrolls of fear
 I - a scroll of silence
 P - 2 scrolls of brand weapon
Potions
 d - 5 potions of might
 f - 10 potions of curing
 g - 9 potions of heal wounds
 h - 6 potions of haste
 i - 7 potions of magic
 j - 2 potions of berserk rage
 l - 2 potions of brilliance
 n - 3 potions of resistance
 p - 5 potions of agility
Books
 Q - a manual of Shields
Miscellaneous
 v - a lightning rod (4/4)
 M - a lamp of fire
 N - a phial of floods
 O - a lamp of fire
Comestibles
 e - 5 rations {!d}


   Skills:
 + Level 16.8 Fighting
 + Level 16.0 Maces & Flails
   Level 1.9 Crossbows
 + Level 1.6 Throwing
 + Level 17.3 Armour
 + Level 4.8 Dodging
 + Level 2.6 Stealth
 O Level 27 Shields
 + Level 1.8 Unarmed Combat
 + Level 1.7 Spellcasting
 + Level 10.2 Evocations


You had 13 spell levels left.
You knew the following spells:

 Your Spells              Type           Power        Failure   Level  Hunger
a - Dazzling Spray        Conj/Hex       #.....       99%         3    ###....

Your spell library contained the following spells:

 Spells                   Type           Power        Failure   Level  Hunger
 Apportation              Tloc           #.....       91%         1    #......
 Blink Other              Tloc           #.....       91%         1    #......
 Flame Tongue             Conj/Fire      #....        91%         1    #......
 Magic Dart               Conj           #...         91%         1    #......
 Pain                     Necr           #.....       91%         1    #......
 Blink                    Tloc           N/A          97%         2    ###....
 Call Imp                 Summ           #.....       97%         2    ###....
 Flaming Arrows           Chrm/Fire      #.......     97%         2    ###....
 Searing Ray              Conj           #.......     97%         2    ###....
 Conjure Flame            Conj/Fire      #.......     99%         3    ###....
 False Image              Hex/Summ       #.......     99%         3    ###....
 Inner Flame              Hex/Fire       N/A          99%         3    ###....
 Iskenderun's Mystic Bla  Conj           #.......     99%         3    ###....
 Portal Projectile        Tloc           #.....       99%         3    ###....
 Recall                   Summ/Tloc      N/A          99%         3    ###....
 Regeneration             Chrm/Necr      #.........   99%         3    ###....
 Teleport Other           Tloc           #.......     99%         3    ###....
 Tukima's Dance           Hex            #.......     99%         3    ###....
 Fulminant Prism          Conj/Hex       #.........   100%        4    #####..
 Sticky Flame             Conj/Fire      #.......     100%        4    #####..
 Summon Scorpions         Summ/Pois      #.......     100%        4    #####..
 Tree Form                Hex/Tmut       N/A          100%        4    #####..
 Agony                    Necr           #.......     100%        5    ######.
 Aura of Abjuration       Summ           #.........   100%        5    ######.
 Bolt of Magma            Conj/Fire/Erth #.........   100%        5    ######.
 Fireball                 Conj/Fire      #.........   100%        5    ######.
 Irradiate                Conj/Tmut      #.........   100%        5    ######.
 Lightning Bolt           Conj/Air       #.........   100%        5    ######.
 Passage of Golubria      Tloc           N/A          100%        5    ######.
 Piercing Shot            Chrm           #.........   100%        5    ######.
 Bolt of Cold             Conj/Ice       #.........   100%        6    #######
 Bolt of Fire             Conj/Fire      #.........   100%        6    #######
 Borgnjor's Vile Clutch   Necr/Erth      #.........   100%        6    #######
 Death Channel            Chrm/Necr      #.........   100%        6    #######
 Deflect Missiles         Chrm/Air       #.........   100%        6    #######
 Iron Shot                Conj/Erth      #.........   100%        6    #######
 Simulacrum               Ice/Necr       #.........   100%        6    #######
 Steam Barrier            Chrm/Fire      #.........   100%        6    #######
 Icicle Burst             Conj/Ice       #.........   100%        7    #######
 Spellforged Servitor     Conj/Summ      #.........   100%        7    #######
 Chain Lightning          Conj/Air       #.........   100%        8    #######
 Ignition                 Fire           #.........   100%        8    #######
 Necromutation            Tmut/Necr      #.......     100%        8    #######
 Shatter                  Erth           #.........   100%        9    #######
 Tornado                  Air            #.........   100%        9    #######
 Sublimation of Blood     Necr           Unusable     N/A         2    N/A

Dungeon Overview and Level Annotations

Branches:
Dungeon (1/1)

Altars:
Ashenzari
Cheibriados
Dithmenos
Elyvilon
Fedhas
Gozag
Hepliaklqana
Kikubaaqudgha
Lugonu
Makhleb
Nemelex Xobeh
Okawaru
Qazlal
Ru
Sif Muna
Trog
Uskayaw
Vehumet
Wu Jian
Xom
Yredelemnul
Zin
The Shining One
Beogh
Jiyva


Innate Abilities, Weirdness & Mutations

You are resistant to torment.
Your stone body is resilient. (AC +10)
You are immune to poison.
Your large and strong wings let you fly indefinitely.
You resist negative energy. (rN+)
You are resistant to electric shocks. (rElec)
You can survive without breathing.
You are immune to petrification.
You are immune to rotting.
You tend to lose your temper in combat.
You are clumsy. (Dex -2)


Message History

The +2 hand axe of electrocution falls from the air.
You kill the fire crab!
You block the +5 short sword of electrocution's attack.
GONNNNG!
The +1 trident of freezing is engulfed in blazing flames.
You block the +1 trident of freezing's attack.
PTOANNNG!
You hit the +5 short sword of electrocution.
The +5 short sword of electrocution and the deep elf blademaster shudder.
The deep elf blademaster is lightly wounded.
The +5 short sword of electrocution is severely damaged.
You block the +5 short sword of electrocution's attack.
PTOANNNG!
You block the deep elf blademaster's attack.
GONNNNG!
The deep elf blademaster hits you with a +0 rapier.
* * * LOW HITPOINT WARNING * * *
The +1 trident of freezing is engulfed in blazing flames.
The +1 trident of freezing hits you from afar!
You die...

▓....≈§°≈.....▓...
▓.............▓..▓
▓.............▓.▓▓
▓.............▓..▓
▓....e........▓..)
▓..▓.......▓..▓▓▓▓
▓)°(..........▓...
▓(e°..........▓..:
▓@EE...©......▓...
▓▓▓▓▓▓▓▓▓▓▓▓▓▓▓...
▓... ▓... ▓...
▓..▓ ▓.▓▓ ▓..▓
▓.))


You could see a deep elf blademaster, a deep elf annihilator, an earth
elemental, a fire elemental and 2 dancing weapons.

Vanquished Creatures
  A pandemonium lord (D)
  A hellephant (D)
  2 deep elf blademasters (D)
  A death cob (D)
  A draconian monk (D)
  2 deep elf sorcerers (D)
  A ghoul (D)
  A cacodemon (D)
  A draconian stormcaller (D)
  A black draconian (D)
  2 green draconians (D)
  3 yellow draconians (D)
  A white draconian (D)
  A red draconian (D)
  4 purple draconians (D)
  A merfolk impaler (D)
  A blizzard demon (D)
  4 merfolk aquamancers (D)
  3 dancing weapons (D)
  A sea snake (D)
  3 skeletal warriors (D)
  A deep elf knight (D)
  A fire crab (shapeshifter) (D)
  A deep elf archer (D)
  5 necromancers (D)
  A harpy (D)
  A cyclops (D)
  3 draconians (D)
  4 deep elf magi (D)
  A manticore (D)
  A merfolk siren (D)
  A rust devil (D)
  A cane toad (D)
  2 komodo dragons (D)
  4 freezing wraiths (D)
  A tormentor (D)
  3 ice devils (D)
  A wind drake (D)
  4 merfolk (D)
  A snapping turtle (D)
  A raiju (D)
  2 flying skulls (D)
  4 shadows (D)
  A vampire (D)
  A wraith (D)
  2 yaks (D)
  5 insubstantial wisps (D)
  2 hell hounds (D)
  An ice beast (D)
  A bullfrog (D)
  An earth elemental (D)
  3 scorpions (D)
  3 wights (D)
  A crimson imp (D)
  A quasit (D)
  An orc wizard (D)
  3 iron imps (D)
  4 white imps (D)
  2 ufetubi (D)
  An adder skeleton (D)
  An orc (D)
  4 bat skeletons (D)
  2 bat zombies (D)
  A giant cockroach zombie (D)
  A jackal skeleton (D)
  3 jackal zombies (D)
  3 quokka skeletons (D)
128 creatures vanquished.

Vanquished Creatures (collateral kills)
  4 necromancers (D)
  2 draconians (D)
  A neqoxec (D)
  A quasit (D)
  An ufetubus (D)
9 creatures vanquished.

Vanquished Creatures (others)
  A wind drake (D)
  A bat skeleton (D)
  A quokka skeleton (D)
3 creatures vanquished.

Grand Total: 140 creatures vanquished

Notes
Turn   | Place    | Note
-------+----------+-------------------------------------------
     0 | D        | funkygono the Gargoyle Fighter began the quest for the Orb.
     0 | D        | Reached XP level 1. HP: 14/14 MP: 1/1
     0 | D        | Found a shimmering blue altar of Sif Muna.
     0 | D        | Found a sacrificial altar of Ru.
     0 | D        | Found a bloodstained altar of Trog.
     0 | D        | Found a stormy altar of Qazlal.
     0 | D        | Found an iron altar of Okawaru.
     0 | D        | Found a sparkling altar of Nemelex Xobeh.
     0 | D        | Found a blossoming altar of Fedhas.
     1 | D        | Found the +6 Majin-Bo {vamp, *Drain Str+12 Int+24}
     1 | D        | Found the +7 great mace "Firestarter" {inner flame, rF++}
     2 | D        | Found a transporter.
     2 | D        | Found an ancient bone altar of Kikubaaqudgha.
     2 | D        | Found a viscous altar of Jiyva.
     2 | D        | Found a corrupted altar of Lugonu.
     2 | D        | Found a hazy altar of Hepliaklqana.
     2 | D        | Found a burning altar of Makhleb.
     2 | D        | Found an opulent altar of Gozag.
    47 | D        | Found the +9 heavy crossbow "Sniper" {velocity, Acc+∞ SInv}
    47 | D        | Found the +10 dark maul {crush}
    47 | D        | Found the +15 Maxwell's patent armour {-Cast -Tele rElec
                  | MR+ rCorr}
    47 | D        | Found the +18 shield of the Gong {rElec rN+ MR+ EV-5}
    47 | D        | Found the cursed +14 obsidian axe {chop, +Fly SInv *Curse}
    49 | D        | Found the +6 shillelagh "Devastator" {shatter}
    49 | D        | Found the +11 plutonium sword {*Contam Stlth-}
    49 | D        | Found the +8 lance "Wyrmbane" {slay drac, rPois rF+ rC+
                  | AC+3}
    49 | D        | Found the +9 sword of Zonguldrok {reap}
    49 | D        | Found the cursed +13 scythe of Curses {drain, *Curse}
    49 | D        | Found the +0 sword of Power
    49 | D        | Found the +7 mace of Variability {chain chaos}
    49 | D        | Found the +7 Singing Sword {slice}
    49 | D        | Found the +7 longbow "Piercer" {penet, EV-2}
    83 | D        | Reached skill level 1 in Crossbows
    83 | D        | Reached skill level 1 in Throwing
    83 | D        | Reached skill level 1 in Dodging
    83 | D        | Reached skill level 4 in Shields
    83 | D        | Reached skill level 1 in Unarmed Combat
    83 | D        | Reached skill level 1 in Spellcasting
    83 | D        | Reached skill level 1 in Evocations
    83 | D        | Reached XP level 2. HP: 20/20 MP: 1/4
   198 | D        | Became a worshipper of the Shining One
   211 | D        | Entered arena 2.
   211 | D        | Found a transporter.
   217 | D        | Reached XP level 3. HP: 24/24 MP: 5/5
   222 | D        | Got the amulet of Ehytupn {Faith *Contam rF+ Slay+3}
   228 | D        | Entered arena 3.
   228 | D        | Noticed a scorpion
   228 | D        | Noticed a scorpion
   228 | D        | Reached * piety under the Shining One
   228 | D        | Noticed a scorpion
   228 | D        | Found a transporter.
   232 | D        | Killed a scorpion
   232 | D        | Reached skill level 5 in Fighting
   232 | D        | Reached skill level 5 in Armour
   232 | D        | Reached skill level 5 in Shields
   232 | D        | Reached XP level 4. HP: 32/32 MP: 6/6
   232 | D        | Reached skill level 6 in Shields
   232 | D        | Reached XP level 5. HP: 37/37 MP: 7/7
   240 | D        | Entered arena 4.
   240 | D        | Noticed a deep elf mage
   240 | D        | Noticed a deep elf archer
   240 | D        | Reached ** piety under the Shining One
   240 | D        | Noticed a deep elf mage
   240 | D        | Noticed a deep elf mage
   240 | D        | Found a transporter.
   242 | D        | Noticed a demonic crawler
   245 | D        | Noticed a rust devil
   245 | D        | Noticed a sixfirhy
   245 | D        | Killed a deep elf mage
   245 | D        | Reached skill level 5 in Maces & Flails
   245 | D        | Reached skill level 9 in Shields
   245 | D        | Reached XP level 6. HP: 40/46 MP: 8/8
   245 | D        | Reached XP level 7. HP: 45/51 MP: 9/9
   247 | D        | Killed a deep elf mage
   247 | D        | Reached skill level 10 in Armour
   247 | D        | Reached skill level 10 in Shields
   247 | D        | Reached XP level 8. HP: 34/57 MP: 10/10
   247 | D        | Killed a deep elf mage
   247 | D        | Reached skill level 10 in Fighting
   247 | D        | Reached skill level 11 in Shields
   251 | D        | Killed a deep elf archer
   251 | D        | Reached skill level 12 in Shields
   251 | D        | Reached XP level 9. HP: 39/64 MP: 11/11
   256 | D        | Got the Tome of the Four Wishes
   261 | D        | Learned a level 3 spell: Dazzling Spray
   376 | D        | Entered arena 5.
   376 | D        | Reached *** piety under the Shining One
   376 | D        | Identified the +2 chain mail "Ynoleah" {SInv}
   376 | D        | Identified the ring of Xavo {*Slow +Blink rC- Int+6 Dex+3}
   376 | D        | Reached **** piety under the Shining One
   376 | D        | Found a transporter.
   380 | D        | Reached ***** piety under the Shining One
   396 | D        | Entered arena 6.
   396 | D        | Reached ****** piety under the Shining One
   396 | D        | Found a transporter.
   397 | D        | Identified the +6 arbalest of Roirirre {elec, rPois rN+
                  | Dex+4}
   408 | D        | Got Tufaag's Compendium of the Foremost Lovers
   415 | D        | Entered arena 7.
   415 | D        | Noticed a cane toad
   415 | D        | Noticed a komodo dragon
   415 | D        | Noticed a komodo dragon
   416 | D        | Found a transporter.
   425 | D        | Killed a cane toad
   425 | D        | Reached skill level 13 in Shields
   425 | D        | Killed a komodo dragon
   427 | D        | Killed a komodo dragon
   428 | D        | Reached XP level 10. HP: 65/71 MP: 12/12
   461 | D        | Entered arena 8.
   461 | D        | Noticed a cacodemon
   461 | D        | Noticed a hellephant
   468 | D        | Found a transporter.
   482 | D        | Reached skill level 14 in Shields
   488 | D        | Gained mutation: You tend to lose your temper in combat. [a
                  | cacodemon]
   489 | D        | HP: 3/71 [cacodemon (6)]
   491 | D        | The Shining One protects you from harm!
   493 | D        | The Shining One protects you from harm!
   494 | D        | Gained mutation: You are clumsy. (Dex -2) [a cacodemon]
   497 | D        | Killed a hellephant
   497 | D        | Reached skill level 10 in Maces & Flails
   497 | D        | Reached skill level 15 in Shields
   505 | D        | Killed a cacodemon
   505 | D        | Reached skill level 16 in Shields
   505 | D        | Reached XP level 11. HP: 45/78 MP: 13/13
   638 | D        | Got the ring "Midumu" {*Contam rPois Int+7 SInv Stlth-}
   641 | D        | Got the +2 leather armour "Suqoud" {rF+ MR+ Str-4 Stlth+}
   649 | D        | Entered arena 9.
   650 | D        | Found the +2 cloak of the Thief {+Fog +Inv Slay-2 SInv
                  | Stlth+}
   663 | D        | Found a transporter.
   702 | D        | Got the +8 war axe of the Ghost {venom, Dex+4}
   710 | D        | Entered arena 10.
   710 | D        | Noticed a black draconian
   710 | D        | Noticed a draconian
   710 | D        | Noticed a death cob
   710 | D        | Noticed a draconian
   710 | D        | Noticed a draconian
   710 | D        | Noticed a draconian
   710 | D        | Noticed a draconian
   710 | D        | Noticed a red draconian
   725 | D        | Killed a draconian
   726 | D        | Killed a draconian
   726 | D        | Reached skill level 17 in Shields
   727 | D        | Killed a draconian
   728 | D        | Killed a death cob
   728 | D        | Reached skill level 18 in Shields
   730 | D        | Killed a draconian
   733 | D        | Killed a draconian
   737 | D        | Killed a red draconian
   743 | D        | HP: 3/79 [black draconian/bolt of lightning (2)]
   745 | D        | Killed a black draconian
   746 | D        | Found a transporter.
  1055 | D        | Entered arena 11.
  1055 | D        | Noticed Fuadgheg the pandemonium lord
  1057 | D        | Noticed a sun demon
  1061 | D        | Found a transporter.
  1066 | D        | Reached XP level 12. HP: 68/68 MP: 14/14
  1073 | D        | Was placed under penance by the Shining One
  1074 | D        | Killed Fuadgheg the pandemonium lord
  1074 | D        | Reached skill level 19 in Shields
  1123 | D        | Entered arena 12.
  1123 | D        | Was forgiven by the Shining One
  1128 | D        | Reached skill level 5 in Evocations
  1132 | D        | Reached skill level 15 in Armour
  1155 | D        | Reached skill level 20 in Shields
  1172 | D        | Found a transporter.
  1182 | D        | Got the ring "Kucige" {Ice +Blink rPois Str-5 Dex+3}
  1207 | D        | Got the +9 scimitar "Butwixio" {flame, rC+ Str+10}
  1218 | D        | Entered arena 13.
  1243 | D        | Found a transporter.
  1249 | D        | Got the ring "Nadduub" {rElec rF- rN+++ Str+7 Dex-3}
  1271 | D        | Entered arena 14.
  1273 | D        | Noticed a yellow draconian stormcaller
  1273 | D        | Noticed a yellow draconian
  1273 | D        | Noticed a purple draconian
  1273 | D        | Noticed a white draconian
  1273 | D        | Noticed a yellow draconian
  1273 | D        | Noticed a green draconian
  1273 | D        | Noticed a green draconian
  1274 | D        | Noticed a black draconian monk
  1275 | D        | Noticed a purple draconian
  1275 | D        | Identified the amulet of Twilight {Reflect rC++ Str+3 SH+2}
  1275 | D        | Noticed a purple draconian
  1278 | D        | Noticed a purple draconian
  1278 | D        | Noticed a yellow draconian
  1284 | D        | Killed a purple draconian
  1291 | D        | Killed a purple draconian
  1291 | D        | Reached skill level 21 in Shields
  1292 | D        | Killed a green draconian
  1292 | D        | Reached XP level 13. HP: 79/91 MP: 17/17
  1299 | D        | Killed a black draconian monk
  1301 | D        | Killed a yellow draconian
  1302 | D        | Killed a purple draconian
  1302 | D        | Reached skill level 22 in Shields
  1304 | D        | Killed a yellow draconian
  1310 | D        | Killed a green draconian
  1310 | D        | Reached skill level 15 in Fighting
  1310 | D        | Killed a yellow draconian stormcaller
  1311 | D        | Killed a white draconian
  1314 | D        | Killed a purple draconian
  1316 | D        | Killed a yellow draconian
  1339 | D        | Found a transporter.
  1355 | D        | Got Mnoleg's Guide on the Entourage
  1358 | D        | Got the +1 plate armour of the Okapi {Dex+5}
  1361 | D        | Got the Almanac of Doomed Ice
  1486 | D        | Entered arena 15.
  1487 | D        | Noticed a blizzard demon
  1488 | D        | Reached skill level 15 in Maces & Flails
  1491 | D        | Identified the +4 chain mail "Dinuker" {rElec Int+6 SInv}
  1499 | D        | Reached skill level 23 in Shields
  1530 | D        | Killed a blizzard demon
  1697 | D        | Found a transporter.
  1703 | D        | Got the +0 ring mail "Fieshur" {+Fly Regen+ Slay+5}
  1705 | D        | Got the +7 scale mail of Tenacity {Str+5}
  1722 | D        | Entered arena 16.
  1722 | D        | Identified the ring "Luamez" {Dex+2 Stlth+}
  1724 | D        | Noticed a ghoul
  1736 | D        | Killed a ghoul
  1739 | D        | Found a transporter.
  1786 | D        | Got the Compendium of Boosts
  1801 | D        | Entered arena 17.
  1804 | D        | Noticed a merfolk impaler
  1807 | D        | Identified the cursed +2 great sword of Doom {freeze,
                  | Int+4}
  1812 | D        | Gained mutation: Your large and strong wings let you fly
                  | indefinitely. [Gargoyle growth]
  1812 | D        | Reached XP level 14. HP: 93/99 MP: 20/20
  1823 | D        | Reached skill level 24 in Shields
  1841 | D        | Found a transporter.
  1898 | D        | Got the Almanac of Stones and the Entourage
  2146 | D        | Entered arena 18.
  2149 | D        | Noticed a deep elf sorcerer
  2149 | D        | Noticed a deep elf blademaster
  2149 | D        | Noticed a deep elf annihilator
  2149 | D        | Noticed a deep elf sorcerer
  2149 | D        | Noticed a deep elf blademaster
  2149 | D        | Noticed a deep elf blademaster
  2150 | D        | Found the +1 cloak of Starlight {rElec rC+ EV+4 Stlth--}
  2150 | D        | Noticed a deep elf annihilator
  2151 | D        | Was placed under penance by the Shining One
  2165 | D        | Killed a deep elf sorcerer
  2165 | D        | Reached skill level 25 in Shields
  2168 | D        | Killed a deep elf blademaster
  2175 | D        | Killed a deep elf blademaster
  2175 | D        | Reached skill level 26 in Shields
  2183 | D        | Killed a deep elf sorcerer
  2183 | D        | Was forgiven by the Shining One
  2183 | D        | Reached skill level 27 in Shields
  2183 | D        | Reached skill level 10 in Evocations
  2185 | D        | Slain by a +1 trident of freezing

Skill      XL: |  1  2  3  4  5  6  7  8  9 10 11 12 13 14 |
---------------+-------------------------------------------+-----
Fighting       | 4 5 6 9 11 12 13 14 15 16 | 16.8
Crossbows      | 1 |  1.9
Throwing       | 1 |  1.6
Armour         | 4 5 6 9 10 11 12 13 14 15 16 17 | 17.3
Dodging        | 1 2 3 4 |  4.8
Stealth        | 2 |  2.6
Shields        | 4 5 6 9 10 12 13 16 18 21 23 27 | 27.0
Unarmed Combat | 1 |  1.8
Spellcasting   | 1 |  1.7
Evocations     | 1 2 3 6 9 10 | 10.2
Maces & Flails | 3 5 6 7 8 11 12 14 15 16 | 16.0

Action                   |  1- 3 |  4- 6 |  7- 9 | 10-12 | 13-15 || total
-------------------------+-------+-------+-------+-------+-------++-------
Melee: Shillelagh        |     7 |     4 |    29 |   163 |   120 ||   323
Evoke: Lightning rod     |     1 |       |       |     1 |     1 ||     3
       Wand              |       |       |     1 |     2 |       ||     3
       Phial of floods   |       |       |       |     4 |     3 ||     7
       Lamp of fire      |       |       |       |     3 |     4 ||     7
       Box of beasts     |       |       |       |     1 |       ||     1
  Use: Potion            |     1 |       |       |     4 |       ||     5
  Eat: Ration            |       |       |       |     2 |     1 ||     3
Armor: Plate armour      |     4 |     5 |    25 |   122 |   113 ||   269
Dodge: Dodged            |       |       |     1 |     4 |    11 ||    16
Block: Medium shield     |     6 |     9 |    34 |   260 |   262 ||   571
